Map: Lightshade LE

Players

DANKCRAFT - Winner!

  • Race: Zerg Zerg
  • League: Platinum
  • Spawn Location: 11:00

TALAIPWROS

  • Race: Terran Terran
  • League: Diamond
  • Spawn Location: 5:00

VOD

Have the link to the VOD?

Description

Time

  • Played on: Feb. 1, 2021, 6:17 p.m.
  • Length: 16:43
Show
View Real Time Build Order
Export as new Build Order

DANKCRAFT Zerg - Winner!

Build Orders: Pool First, Ravager All-In 

Get SALT Encoding   

  12  0:01  Drone  
  13  0:09  Drone  
  14  0:26  Spawning Pool  
  13  0:30  Drone  
  14  0:38  Drone, Extractor  
  14  0:45  Overlord  
  14  1:15  Hatchery  
  14  1:17  Drone x2  
  15  1:23  Drone  
  16  1:34  Spine Crawler  
  16  1:36  Drone  
  16  1:48  Drone  
  17  1:56  Drone  
  18  2:04  Burrow  
  18  2:06  Drone  
  19  2:32  Overlord  
  19  2:36  Overlord  
  19  2:38  Extractor  
  18  3:00  Roach Warren  
  18  3:02  Drone x2  
  18  3:03  Drone  
  20  3:06  Queen  
  20  3:07  Overlord  
  22  3:18  Drone  
  22  3:19  Queen  
  25  3:40  Roach x3  
  31  3:58  Roach  
  33  4:03  Overlord  
  33  4:05  Ravager x3  
  36  4:12  Roach  
  36  4:16  Roach  
  36  4:17  Roach x3  
  46  4:18  Overlord  
  46  4:25  Spore Crawler  
  46  4:27  Drone  
  46  4:33  Ravager x2  
  48  4:44  Spore Crawler  
  42  5:09  Ravager x2  
  44  5:17  Ravager  
  42  5:43  Roach  
  42  5:44  Roach x5  
  45  6:00  Roach  
  51  6:04  Roach x3  
  53  6:16  Hatchery  
  43  6:27  Ravager  
  43  6:28  Ravager  
  45  6:47  Roach  
  47  6:54  Queen  
  47  6:57  Overlord  
  47  7:02  Ravager x2  
  49  7:14  Ravager  
  53  7:15  Drone x3  
  44  7:51  Ravager x2  
  46  7:52  Drone x5  
  46  7:55  Spine Crawler  
  46  7:58  Drone x3, Queen  
  53  7:59  Spore Crawler  
  54  8:16  Drone x3  
  57  8:32  Drone  
  62  8:34  Drone x5  
  62  8:36  Extractor  
  62  8:37  Extractor  
  61  8:47  Hatchery  
  60  9:03  Drone x3  
  60  9:04  Drone  
  60  9:08  Drone x3  
  67  9:11  Lair  
  67  9:12  Pneumatized Carapace  
  67  9:35  Spore Crawler  
  66  9:40  Spore Crawler  
  59  9:53  Spore Crawler  
  55  10:02  Roach  
  55  10:03  Roach  
  55  10:05  Drone x3  
  58  10:07  Roach  
  58  10:12  Spore Crawler  
  54  10:15  Spire  
  54  10:17  Hydralisk Den  
  54  10:20  Spawning Pool, Overlord x5  
  49  10:39  Spore Crawler  
  49  10:40  Spore Crawler  
  49  10:41  Spore Crawler x2  
  43  10:43  Spore Crawler  
  43  10:46  Spore Crawler  
  43  10:47  Spore Crawler  
  43  10:48  Spore Crawler  
  35  10:56  Spore Crawler  
  32  11:22  Drone x2  
  34  11:30  Corruptor  
  34  11:31  Corruptor x4  
  44  11:38  Drone  
  44  11:39  Drone  
  46  11:41  Drone  
  47  11:54  Overlord  
  47  11:56  Corruptor  
  49  12:06  Roach  
  49  12:09  Corruptor  
  51  12:18  Corruptor  
  51  12:21  Drone x3  
  54  12:40  Corruptor x2  
  58  12:58  Corruptor x2  
  62  13:07  Corruptor  
  65  13:12  Drone  
  65  13:13  Drone x2  
  65  13:14  Extractor  
  65  13:15  Extractor  
  63  13:30  Drone  
  64  13:48  Zergling x6  
  65  13:54  Roach  
  65  13:55  Roach  
  69  14:09  Roach x2  
  73  14:20  Corruptor x2  
  73  14:21  Corruptor  
  79  14:32  Roach x2  
  79  14:33  Roach  
  85  14:39  Drone x3  
  88  14:46  Hatchery  
  88  14:52  Roach x2  
  91  14:59  Roach  
  91  15:04  Corruptor  
  93  15:11  Roach  
  93  15:13  Roach  
  72  15:40  Zergling x4  
  64  15:54  Zergling x2  
  64  15:55  Zergling x2  
Show
View Real Time Build Order
Export as new Build Order

TALAIPWROS Terran 

Build Orders:  

Get SALT Encoding   

  12  0:00  SCV  
  13  0:12  SCV  
  14  0:17  Supply Depot  
  14  0:24  SCV  
  15  0:38  SCV  
  15  0:40  Barracks  
  16  0:50  SCV  
  16  0:55  Barracks  
  17  1:03  SCV  
  18  1:17  SCV  
  19  1:29  Orbital Command  
  19  1:38  Command Center  
  19  1:41  Marine  
  20  1:49  Bunker  
  20  1:51  Marine  
  21  1:58  Supply Depot  
  21  2:01  Marine  
  22  2:09  Marine  
  23  2:18  Refinery  
  23  2:19  Refinery  
  23  2:20  Marine  
  24  2:27  Bunker, Marine  
  25  2:32  SCV  
  26  2:37  Marine  
  28  2:44  Refinery, SCV  
  28  2:47  Marine  
  29  2:52  Orbital Command  
  29  2:55  Marine  
  30  3:03  Refinery  
  31  3:05  SCV  
  31  3:13  Marine  
  31  3:15  Marine  
  31  3:17  SCV  
  34  3:27  Factory  
  34  3:31  Marine, SCV  
  36  3:37  Marine  
  37  3:43  SCV  
  39  3:55  SCV  
  39  3:56  SCV  
  40  4:07  SCV  
  40  4:08  SCV  
  42  4:16  Starport  
  42  4:17  Factory Tech Lab  
  42  4:20  SCV x2  
  42  4:22  Supply Depot  
  44  4:32  SCV  
  44  4:33  SCV  
  46  4:43  Siege Tank  
  46  4:44  Supply Depot, SCV  
  50  4:54  Fusion Core  
  32  5:31  Liberator  
  32  5:33  Siege Tank  
  25  6:05  Orbital Command  
  25  6:15  Siege Tank  
  28  6:31  Marine x2  
  30  6:35  SCV  
  31  6:47  SCV  
  31  6:49  Marine x2  
  31  7:16  Starport Tech Lab  
  31  7:20  Starport  
  31  7:24  Command Center  
  31  7:29  Starport  
  27  7:48  Banshee  
  27  7:54  Siege Tank  
  30  8:04  Starport Tech Lab  
  30  8:11  Starport Tech Lab  
  27  8:33  Battlecruiser x2  
  39  9:05  Siege Tank  
  42  10:11  SCV  
  43  10:23  SCV  
  44  10:35  SCV  
  45  10:47  SCV  
  46  11:04  Raven  
  46  11:05  Battlecruiser  
  54  11:28  SCV  
  55  11:40  SCV  
  56  11:52  SCV  
  57  12:04  SCV  
  58  12:16  SCV  
  59  12:44  Command Center  
  59  12:49  Cyclone  
  62  12:59  Marine x2  
  64  13:05  Viking  
  64  13:06  Viking x2  
  70  13:17  Marine x2  
  72  13:34  Marine  
  72  13:35  Marine  
  72  14:10  Battlecruiser  
  78  14:42  Supply Depot  
  78  15:06  Supply Depot  
  78  15:07  Supply Depot  
  78  15:11  Barracks  
  78  15:12  Barracks  
  78  15:14  Barracks  
Tags
 
Add a new tag
Caveats
  • Supply blocks, unpowered buildings, or Contaminate may cause inaccurate times.
  • Supply counts are checked every 10 seconds.